 Dungeon Crawl Stone Soup version 0.25-a0-413-g3b4b6a4ccc (webtiles) character file.

Game seed: 14843256573183539954, levelgen mode: deterministic

149 Ijustatesigmund the Skirmisher (level 5, 0/33 HPs)
             Began as an Octopode Monk on Jan 16, 2020.
             Slain by Sigmund
             ... wielding a +0 scythe
              (8 damage)
             ... on level 3 of the Dungeon.
             The game lasted 00:04:38 (2593 turns).

Ijustatesigmund the Skirmisher (Octopode Monk)      Turns: 2593, Time: 00:04:39

Health: 0/33       AC:  1    Str: 10 (12) XL:     5   Next: 31%
Magic:  5/5        EV: 20    Int: 12 (15) God:
Gold:   171        SH:  0    Dex: 17 (19) Spells: 4/4 levels left

rFire    . . .     SeeInvis .   a - +0 flail
rCold    . . .     Gourm    .   (no shield)
rNeg     . . .     Faith    .   l - +0 hat
rPois    .         Spirit   .   c - amulet of regeneration
rElec    .         Reflect  .   h - +3 ring of intelligence (curse)
rCorr    .         Harm     .   (no ring)
MR       .....                  (no ring)
Stlth    ++++......             (no ring)
HPRegen  0.51/turn              (no ring)
MPRegen  0.09/turn              (no ring)
                                (no ring)
                                (no ring)

@: agile
A: almost no armour, stealthy swim, amphibious, 8 rings, constrict 8, camouflage
1, frail 1, mutation resistance 1, gelatinous body 1
a: no special abilities


You were on level 3 of the Dungeon.
You were not hungry.

You visited 1 branch of the dungeon, and saw 3 of its levels.

You collected 171 gold pieces.

Inventory:

Hand Weapons
 a - a +0 flail (weapon)
Armour
 l - a +0 hat (worn)
Jewellery
 c - an amulet of regeneration (around mantle)
 h - a cursed +3 ring of intelligence (left tentacle)
Wands
 o - a wand of digging (6)
Scrolls
 e - 2 scrolls of enchant armour {unknown}
 k - a scroll of magic mapping {unknown}
 m - a scroll of teleportation {unknown}
 n - a scroll of identify {unknown}
 p - a scroll of blinking {unknown}
 q - a scroll of enchant weapon {unknown}
Potions
 d - a potion of mutation
 f - a potion of agility
 i - a potion of haste {unknown}
 j - a potion of brilliance {unknown}
 r - a potion of heal wounds {unknown}
Comestibles
 b - 6 rations


   Skills:
 + Level 4.2 Fighting
 + Level 4.1 Maces & Flails
 + Level 4.1 Dodging
 - Level 2.7 Stealth


You had 4 spell levels left.
You didn't know any spells.
Your spell library was empty.

Dungeon Overview and Level Annotations

Branches:
Dungeon (3/15)

Altars:
Fedhas
Yredelemnul

Annotations:
D:3 Sigmund


Innate Abilities, Weirdness & Mutations

You cannot wear most types of armour.
You are very stealthy in the water. (Stealth+)
You are amphibious.
You can wear up to eight rings at the same time.
You can use your tentacles to constrict eight enemies at once.
Your skin changes colour to match your surroundings (Stealth+).
Your rubbery body absorbs attacks. (AC +1, EV +1)
You are frail. (-10% HP)
You are somewhat resistant to further mutation.


Message History

Sigmund gestures at you while chanting. You resist with some effort.
You hit Sigmund. Your grab misses Sigmund. Your squeeze misses Sigmund.
Sigmund is lightly wounded.
Sigmund gestures wildly while chanting.
Sigmund flickers and vanishes!
Deactivating autopickup; reactivate with Ctrl-A.
You sock something! You squeeze something. Something hits you!
You closely miss something. Something hits you!
* * * LOW HITPOINT WARNING * * *
It was a potion of agility.
You feel agile all of a sudden.
It was a potion of mutation.
You feel extremely strange.
You feel frail.
You feel genetically stable. Something barely misses you.
It was a potion of degeneration.
There was something very wrong with that liquid.
You feel weakened.
You feel dopey.
You feel clumsy. Something hits you!
You die...

#.#
#.........###
#.#
#>......).(.(
#.#
#.........###
#.#
#.....#####
#.# #######
#.# #.#
#.#########
#...@{....#
#########.#
##### #....
#..###


There were no monsters in sight!

Vanquished Creatures
  An orc priest (D:3)
  5 adders
  An ooze (D:2)
  2 worms (D:2)
  2 dart slugs
  2 orcs (D:3)
  A ball python (D:1)
  6 bats
  A giant cockroach (D:3)
  2 gnoll zombies (D:2)
  6 goblins
  5 hobgoblins
  7 jackals (D:1)
  4 frilled lizards
  5 kobolds
  A leopard gecko skeleton (D:2)
  9 rats
60 creatures vanquished.

Notes
Turn   | Place    | Note
-------+----------+-------------------------------------------
     0 | D:1      | Ijustatesigmund the Octopode Monk began the quest for the
                  | Orb.
     0 | D:1      | Reached XP level 1. HP: 16/16 MP: 1/1
   105 | D:1      | Reached XP level 2. HP: 10/21 MP: 2/2
   111 | D:1      | HP: 1/21 [jackal (1)]
   594 | D:1      | Reached XP level 3. HP: 21/26 MP: 3/3
  1506 | D:2      | Reached XP level 4. HP: 30/33 MP: 4/4
  1707 | D:2      | Found a basalt altar of Yredelemnul.
  2308 | D:3      | Reached XP level 5. HP: 30/37 MP: 5/5
  2477 | D:3      | Found a blossoming altar of Fedhas.
  2583 | D:3      | Noticed Sigmund
  2592 | D:3      | Gained mutation: You are frail. (-10% HP) [potion of
                  | mutation]
  2592 | D:3      | Gained mutation: You are somewhat resistant to further
                  | mutation. [potion of mutation]
  2593 | D:3      | Slain by Sigmund

Levels and vault maps discovered:
D:1:      evilmike_arrival_plus, layout_basic, serial_forest,
          infiniplex_forest_lined_corner, infiniplex_forest_fountain,
          infiniplex_forest_end_2, infiniplex_forest_clump_long,
          infiniplex_forest_lined_2, infiniplex_forest_lined_3,
          infiniplex_forest_clump_long, infiniplex_forest_lined_3,
          infiniplex_forest_straight_1
D:2:      layout_loops_corners, lemuel_zombie_altar_yredelemnul
D:3:      layout_basic, chequers_ecumenical_altar_grove, fedhas_altar_2,
          uniq_ijyb, uniq_sigmund, uniq_natasha

Skill      XL: |  1  2  3  4 |
---------------+-------------+-----
Fighting       | 4 |  4.2
Maces & Flails | 4 |  4.1
Dodging        | 4 |  4.1
Stealth        | |  2.7

Action                   |  1- 3 |  4- 6 || total
-------------------------+-------+-------++-------
Melee: Mace              |    76 |    49 ||   125
       Constrict         |    14 |    15 ||    29
       Tentacles         |     8 |    14 ||    22
       Flail             |       |    14 ||    14
  Use: Potion            |       |     3 ||     3
 Stab: Sleeping          |     8 |     9 ||    17
       Distracted        |       |     1 ||     1
  Eat: Chunk             |     1 |     4 ||     5
Armor: Skin              |     8 |     3 ||    11
Dodge: Dodged            |    74 |    49 ||   123

Table legend:
 A = Non-vault XP
 B = Vault XP
 C = Vault XP percentage of total XP
 D = Non-vault monster count
 E = Vault monster count
 F = Vault count percentage of total count
                 A         B        C        D         E       F
            +---------+---------+-------+---------+---------+-------
      Total |     210 |       4 |   1.9 |      58 |       2 |   3.3
            +---------+---------+-------+---------+---------+-------
        D:1 |      37 |       0 |   0.0 |      21 |       0 |   0.0
        D:2 |      96 |       4 |   4.0 |      24 |       2 |   7.7
        D:3 |      77 |       0 |   0.0 |      13 |       0 |   0.0
            +---------+---------+-------+---------+---------+-------
